 Dungeon Sprint DCSS version 0.27.1-2-g3b301248ec (webtiles) character file.

Game seed: 5512610116616000644

177 styxcanada the Covert (level 5, -5/28 HPs)
             Began as a Spriggan Brigand on Sept 29, 2021.
             Was an Initiate of Gozag.
             Slain by a spriggan (10 damage)
             ... in the Dungeon (Sprint IV: "Fedhas' Mad Dash").
             The game lasted 00:01:33 (106 turns).

styxcanada the Covert (Spriggan Brigand)             Turns: 106, Time: 00:01:33

Health: -5/28      AC:  3    Str:  7    XL:     5   Next: 30%
Magic:  5/6        EV: 20    Int: 12    God:    Gozag
Gold:   183        SH:  0    Dex: 18    Spells: 4/4 levels left

rFire    . . .     SeeInvis +   a - +2 dagger
rCold    . . .     Faith    .   (shield restricted)
rNeg     . . .     Spirit   .   b - +0 robe
rPois    .         Reflect  .   (helmet restricted)
rElec    .         Harm     .   c - +0 cloak
rCorr    .         Rampage  .   (gloves unavailable)
Will     .....     NoTele   +   (boots unavailable)
Stlth    +++.......             m - amulet of invisibility {+Inv}
HPRegen  0.09/turn              (no ring)
MPRegen  0.10/turn              (no ring)

@: contaminated, glowing, very quick
A: very small, no large weapons, unfitting armour, see invisible, speed 3
a: Renounce Religion, Evoke Invisibility, Potion Petition, Call Merchant, Bribe
Branch


You were in the Dungeon.
You worshipped Gozag.
Gozag was aware of your devotion.
You visited 1 branch You collected 183 gold pieces.

Inventory:

Hand Weapons
 a - a +2 dagger (weapon)
Missiles
 d - 5 poisoned darts (quivered)
 e - 2 curare-tipped darts
 l - 25 sling bullets
Armour
 b - a +0 robe (worn)
 c - a +0 cloak (worn)
Jewellery
 m - the amulet of invisibility (around neck) {+Inv}
   (You found it in the Dungeon)

   [amulet of nothing]

   +Inv:      It lets you turn invisible.
Scrolls
 k - a scroll of blinking
Potions
 f - a potion of curing
 g - a potion of heal wounds
 h - a potion of haste
 i - 2 potions of magic
 j - a potion of berserk rage
 n - a potion of brilliance {unknown}


   Skills:
 * Level 3.4 Fighting
 + Level 3.6 Short Blades
 + Level 2.7 Throwing
 * Level 5.1 Dodging
 * Level 14.1 Stealth
 + Level 0.3 Evocations


You had 4 spell levels left.
You didn't know any spells.
Your spell library was empty.

Dungeon Overview and Level Annotations

Branches:
Dungeon (1/1)

Altars:
Cheibriados
Dithmenos
Elyvilon
Gozag
Hepliaklqana
Kikubaaqudgha
Makhleb
Nemelex Xobeh
Okawaru
Qazlal
Ru
Sif Muna
Trog
Uskayaw
Vehumet
Wu Jian
Xom
Yredelemnul
Zin
The Shining One
Beogh
Jiyva
Lugonu


Innate Abilities, Weirdness & Mutations

You are very small and have problems with some larger weapons.
You are too small for most types of armour.
You have supernaturally acute eyesight. (SInv)
You cover ground extremely quickly. (Speed+++)


Message History

You barely miss the spriggan.
The spriggan hits you with a +2 short sword of freezing!
The spriggan freezes you. The spriggan hits you with a +0 dagger!
* * * LOW HITPOINT WARNING * * *
The spriggan barely misses you.
There is an open door here.
There is a corrupted altar of Lugonu here.
Throw: 8 darts (poison)
Press: ? - help, Q - select action, (/) - cycle Shift-Dir - straight line, f - spriggan
Aim: a spriggan, wielding a +0 dagger and wearing a +0 robe (36% to hit)
You throw a poisoned dart. The poisoned dart hits the spriggan!
The spriggan is poisoned.
The spriggan hits you with a +0 dagger.
* * * LOW HITPOINT WARNING * * *
There is an ancient bone altar of Kikubaaqudgha here.
There is a viscous altar of Jiyva here.
You flicker for a moment.
There is a hazy altar of Hepliaklqana here.
There is an opulent altar of Gozag here.
There is an open door here.
Throw: 7 darts (poison)
Press: ? - help, Q - select action, (/) - cycle Shift-Dir - straight line, f/p - spriggan
Aim: a spriggan, wielding a +0 dagger and wearing a +0 robe (heavily wounded, poisoned, 36% to hit)
You throw a poisoned dart.
The poisoned dart barely misses the spriggan.
The poisoned dart hits the spriggan.
The spriggan is poisoned.
The spriggan barely misses you.
You flicker back into view.
There is an open door here.
The spriggan looks more healthy.
Throw: 6 darts (poison)
Press: ? - help, Q - select action, (/) - cycle Shift-Dir - straight line, f/p - spriggan
Aim: a spriggan, wielding a +0 dagger and wearing a +0 robe (severely wounded, poisoned, 36% to hit)
You throw a poisoned dart.
The poisoned dart completely misses the spriggan.
The poisoned dart hits the spriggan.
The spriggan is poisoned.
The spriggan is severely wounded.
The spriggan hits you with a +0 dagger!
You die...
Your body crumbles into a pile of gold.

########################
#<..P#.....#..s..#.⌠._._
#PP..'.@ii('.#...'(._._.
#PPPP#.....#.#†..#..._._
###############+##.._._.
#._._._ $ $#######


$$$$ You could see 2 spriggans and a scorpion.

Vanquished Creatures
  A scorpion (D)
  3 oklob saplings (D)
  A river rat (D)
  A rat (D)
6 creatures vanquished.

Notes
Turn   | Place    | Note
-------+----------+-------------------------------------------
     0 | D        | styxcanada the Spriggan Brigand began the quest for the
                  | Orb.
     0 | D        | Reached XP level 1. HP: 10/10 MP: 2/2
     9 | D        | Reached skill level 7 in Stealth
     9 | D        | Reached XP level 2. HP: 15/15 MP: 3/3
    12 | D        | Reached skill level 8 in Stealth
    19 | D        | Noticed an oklob sapling
    20 | D        | Killed an oklob sapling
    21 | D        | Reached skill level 10 in Stealth
    21 | D        | Reached XP level 3. HP: 19/19 MP: 4/4
    22 | D        | Noticed a scorpion
    22 | D        | Found the amulet of invisibility {+Inv}
    24 | D        | Killed a scorpion
    25 | D        | Reached skill level 12 in Stealth
    25 | D        | Reached XP level 4. HP: 23/23 MP: 5/5
    49 | D        | Found an opulent altar of Gozag.
    49 | D        | Found a hazy altar of Hepliaklqana.
    49 | D        | Found a burning altar of Makhleb.
    49 | D        | Found a sparkling altar of Nemelex Xobeh.
    49 | D        | Found a snail-covered altar of Cheibriados.
    49 | D        | Found a sacrificial altar of Ru.
    49 | D        | Found a shimmering blue altar of Sif Muna.
    49 | D        | Found a shimmering altar of Xom.
    49 | D        | Found a basalt altar of Yredelemnul.
    50 | D        | Found a viscous altar of Jiyva.
    50 | D        | Found a bloodstained altar of Trog.
    50 | D        | Found an ornate altar of the Wu Jian Council.
    51 | D        | Found an iron altar of Okawaru.
    51 | D        | Found a shadowy altar of Dithmenos.
    51 | D        | Found a glowing silver altar of Zin.
    52 | D        | Found an ancient bone altar of Kikubaaqudgha.
    52 | D        | Found a hide-covered altar of Uskayaw.
    53 | D        | Found a stormy altar of Qazlal.
    53 | D        | Found a white marble altar of Elyvilon.
    53 | D        | Found a glowing golden altar of the Shining One.
    54 | D        | Became a worshipper of Gozag Ym Sagoz the Greedy
    55 | D        | Found a corrupted altar of Lugonu.
    55 | D        | Found a radiant altar of Vehumet.
    59 | D        | Reached skill level 13 in Stealth
    59 | D        | Reached XP level 5. HP: 28/28 MP: 3/6
    71 | D        | Reached skill level 5 in Dodging
    71 | D        | Reached skill level 14 in Stealth
   106 | D        | Slain by a spriggan

Illustrated notes

Levels and vault maps discovered:
D:        dungeon_sprint_fedhas [sprint_temple]

Skill      XL: |  1  2  3  4  5 |
---------------+----------------+-----
Fighting       | 2 3 |  3.4
Dodging        | 2 3 4 5 |  5.1
Stealth        | 7 10 12 13 14 | 14.1
Short Blades   | 3 |  3.6
Throwing       | |  2.7
Evocations     | |  0.3

Action                   |  1- 3 |  4- 6 || total
-------------------------+-------+-------++-------
Melee: Dagger            |     6 |     3 ||     9
Throw: Dart              |       |     3 ||     3
 Abil: Evoke Invisibilit |       |     2 ||     2
 Stab: Sleeping          |     3 |     2 ||     5
Dodge: Dodged            |     2 |     3 ||     5
